 Dungeon Crawl Stone Soup version 0.26.1-11-gd32895ea62 (webtiles) character file.

Game seed: 3250655248554386143

3012 Brecoman the Skirmisher (level 9, -1/108 HPs)
             Began as a Demonspawn Fighter on Apr 28, 2021.
             Was a Follower of Cheibriados.
             Slain by a two-headed ogre
             ... wielding a +0 giant club
              (10 damage)
             ... on level 8 of the Dungeon.
             The game lasted 00:28:27 (11648 turns).

Brecoman the Skirmisher (Demonspawn Fighter)       Turns: 11648, Time: 00:28:28

Health: -1/108     AC: 24    Str: 21    XL:     9   Next: 55%
Magic:  18/21      EV:  2    Int: 12    God:    Cheibriados [*.....]
Gold:   368        SH: 16    Dex: 15    Spells: 8/8 levels left

rFire    + . .     SeeInvis .   l - +0 morningstar
rCold    + . .     Faith    .   c - +0 kite shield
rNeg     + + +     Spirit   .   (armour currently unavailable)
rPois    +         Reflect  +   (helmet currently unavailable)
rElec    .         Harm     .   (cloak currently unavailable)
rCorr    .         Rampage  .   (gloves currently unavailable)
Will     .....     NoTele   +   (boots currently unavailable)
Stlth    ++........             b - amulet of reflection
HPRegen  0.28/turn              y - ring of Rationality {Wiz rF+ rC+ MP+9}
MPRegen  0.17/turn              n - ring of stealth

@: tree-form, very slow
A: no striking features
a: Renounce Religion, Bend Time


You were on level 8 of the Dungeon.
You worshipped Cheibriados.
Cheibriados was aware of your devotion.
You were a tree.
You visited 2 branches of the dungeon, and saw 9 of its levels.

You collected 522 gold pieces.
You spent 154 gold pieces at shops.

Inventory:

Hand Weapons
 a - a +1 war axe
 l - a +0 morningstar (weapon)
Armour
 c - a +0 kite shield (worn)
 q - a +1 leather armour of willpower
 v - a +0 plate armour (melded)
 x - a +2 scale mail of positive energy
 C - a +0 pair of gloves (melded)
Jewellery
 b - an amulet of reflection (around neck)
 f - an uncursed ring of see invisible {unknown}
 n - a ring of stealth (right branch)
 y - the ring of Rationality (left branch) {Wiz rF+ rC+ MP+9}
   (You found it on level 5 of the Dungeon)

   [ring of wizardry]

   It improves your spell success rate.
   It protects you from fire.
   It protects you from cold.
   It affects your magic capacity (+9).
Wands
 t - a wand of iceblast (3)
Scrolls
 d - a scroll of fog {unknown}
 h - 2 scrolls of enchant weapon
 i - 2 scrolls of teleportation
 k - a scroll of identify
 p - 2 scrolls of random uselessness {unknown}
 u - 2 scrolls of amnesia {unknown}
 z - 4 scrolls of remove curse
 B - a scroll of magic mapping
Potions
 e - a potion of brilliance
 g - a potion of mutation
 j - 2 potions of curing
 m - a potion of invisibility
 o - 2 potions of magic
 r - 2 potions of flight
 s - 3 potions of attraction
 A - a potion of cancellation {unknown}
 D - a potion of haste {unknown}


   Skills:
 + Level 7.1 Fighting
 - Level 3.4(4.6) Axes
 + Level 4.7(5.3) Maces & Flails
 + Level 5.4 Armour
 - Level 3.2 Dodging
 + Level 6.4 Shields
 * Level 4.8 Invocations


You had 8 spell levels left.
You didn't know any spells.
Your spell library contained the following spells:

 Spells                   Type           Power        Failure   Level
 Confusing Touch          Hex            0%           71%         3
 Gell's Gravitas          Tloc           0%           71%         3
 Petrify                  Tmut/Erth      0%           98%         4
 Metabolic Englaciation   Hex/Ice        0%           100%        5
 Yara's Violent Unravell  Hex/Tmut       0%           100%        5


Dungeon Overview and Level Annotations

Branches:
Dungeon (8/15)             Temple (1/1) D:7
   Lair: D:8-11

Altars:
Ashenzari
Cheibriados
Dithmenos
Elyvilon
Fedhas
Makhleb
Nemelex Xobeh
Qazlal
Ru
Sif Muna
Trog
Vehumet
Yredelemnul
Zin
The Shining One
Lugonu

Shops:
D:5 ?

Annotations:
D:3 2 runed translucent doors, Welwordion's ghost, amateur SpWr
D:7 2 transporters, 3 exclusions


Innate Abilities, Weirdness & Mutations

((You are partially covered in icy blue scales. (AC +2)))
((Your flesh is cold resistant. (rC+)))


Message History

You turn into a tree.
Your +0 pair of gloves melds into your body.
Your +0 plate armour melds into your body.
Your roots penetrate the ground.
You block the two-headed ogre's attack. x2
You hit the two-headed ogre.
The two-headed ogre is severely wounded.
You block the two-headed ogre's attack.
The two-headed ogre hits you with a +0 giant club.
* * * LOW HITPOINT WARNING * * *
You sock the two-headed ogre!
The two-headed ogre is almost dead.
You block the two-headed ogre's attack. x2
You barely miss the two-headed ogre.
The two-headed ogre is almost dead.
You block the two-headed ogre's attack. x2
You closely miss the two-headed ogre.
The two-headed ogre is almost dead.
The jelly hits you but does no damage.
The two-headed ogre hits you with a +0 giant club!
You die...

#......###. ..........
.......... #######
#.........##.. #......
#............$##.. #......
#.........##.....##
#......#####.........##.##...
#...........O♣........... ..
#......#####..J......##.# .#
#...... ##..........#.##.# #
#...... #................###
#...... ##..........#....###.
####### #..........^#........
###.#.........#.....###
########...#.........#.....#
#..........##.......#.....##


You could see a two-headed ogre and a jelly.

Vanquished Creatures
  Pikel (D:7)
  Grinder (D:6)
  Edmund (D:4)
  Duvessa (D:6)
  A sky beast (D:4)
  A phantom (D:8)
  4 ogres
  A centaur (D:8)
  2 lemures (D:7)
  2 bullfrogs
  2 scorpions
  Dowan (D:6)
  5 killer bees (D:7)
  A howler monkey (D:6)
  A centaur skeleton (D:4)
  6 hounds
  3 orc priests
  4 jellies
  A gnoll shaman (D:4)
  A bullfrog skeleton (D:7)
  An iguana (D:3)
  4 orc wizards
  2 worker ants
  A hound skeleton (D:6)
  10 gnolls
  2 howler monkey skeletons
  7 adders
  2 shadow imps (D:6)
  3 white imps
  2 ufetubi
  An ooze (D:3)
  An adder skeleton (D:4)
  A dart slug (D:1)
  7 leopard geckos
  24 orcs
  4 bats
  6 giant cockroaches
  16 goblins
  7 hobgoblins
  7 jackals
  2 quokkas
  A ball python (D:4)
  4 frilled lizards
  2 gnoll zombies (D:8)
  4 kobolds
  A leopard gecko zombie (D:5)
  A quokka skeleton (D:6)
  3 rats (D:1)
166 creatures vanquished.

Notes
Turn   | Place    | Note
-------+----------+-------------------------------------------
     0 | D:1      | Brecoman the Demonspawn Fighter began the quest for the
                  | Orb.
     0 | D:1      | Reached XP level 1. HP: 18/18 MP: 1/1
   244 | D:1      | Gained mutation: Your flesh is cold resistant. (rC+)
                  | [demonic ancestry]
   244 | D:1      | Reached XP level 2. HP: 23/24 MP: 2/2
   996 | D:1      | Reached skill level 1 in Dodging
   996 | D:1      | Reached XP level 3. HP: 24/29 MP: 3/3
  1228 | D:2      | Found a bloodstained altar of Trog.
  1952 | D:3      | Reached XP level 4. HP: 23/35 MP: 4/4
  2769 | D:3      | Found a runed translucent door.
  2773 | D:3      | Noticed Welwordion's ghost (amateur SpWr)
  2907 | D:3      | Reached XP level 5. HP: 36/42 MP: 5/5
  3054 | D:3      | Found a runed translucent door.
  3160 | D:3      | Reached skill level 4 in Fighting
  4100 | D:4      | Reached XP level 6. HP: 48/48 MP: 6/6
  4419 | D:4      | Found a broken altar of Ashenzari.
  5429 | D:4      | Reached skill level 1 in Maces & Flails
  5429 | D:4      | Gained mutation: You are partially covered in icy blue
                  | scales. (AC +2) [demonic ancestry]
  5429 | D:4      | Reached XP level 7. HP: 38/55 MP: 7/7
  5882 | D:5      | Entered Level 5 of the Dungeon
  5882 | D:5      | Noticed Edmund
  5913 | D:4      | Killed Edmund
  5914 | D:4      | Reached skill level 5 in Fighting
  6359 | D:5      | Got a pitted wooden ring
  6390 | D:4      | Identified the ring of Rationality {Wiz rF+ rC+ MP+9} (You
                  | found it on level 5 of the Dungeon)
  6684 | D:5      | Found Makufoz's Magic Scroll Shop.
  6869 | D:5      | Bought 3 scrolls of identify for 84 gold pieces
  6869 | D:5      | Bought a scroll of identify for 28 gold pieces
  6869 | D:5      | Bought a scroll of remove curse for 42 gold pieces
  7574 | D:5      | Reached skill level 5 in Shields
  7574 | D:5      | Reached XP level 8. HP: 30/63 MP: 8/8
  7756 | D:5      | Found a shadowy altar of Dithmenos.
  8563 | D:6      | Noticed Duvessa
  8563 | D:6      | Noticed Dowan
  8725 | D:6      | Noticed Grinder
  8945 | D:6      | Killed Dowan
  8946 | D:6      | Reached skill level 6 in Fighting
  8949 | D:6      | Paralysed by Grinder for 6 turns
  8958 | D:6      | Paralysed by Grinder for 6 turns
  8969 | D:6      | Killed Grinder
  9160 | D:6      | Killed Duvessa
  9621 | D:7      | Found a staircase to the Ecumenical Temple.
  9627 | Temple   | Entered the Ecumenical Temple
  9661 | Temple   | Became a worshipper of Cheibriados the Contemplative
  9686 | D:7      | Found a transporter.
  9796 | D:7      | Reached skill level 1 in Invocations
  9799 | D:7      | Reached XP level 9. HP: 57/71 MP: 9/9
 10185 | D:7      | Reached * piety under Cheibriados
 10262 | D:7      | Noticed Pikel
 10281 | D:7      | HP: 2/71 [acid (10)]
 10285 | D:7      | Killed Pikel
 10286 | D:7      | Reached skill level 5 in Armour
 10762 | D:7      | Found a corrupted altar of Lugonu.
 10762 | D:7      | Noticed a brown ugly thing
 10763 | D:7      | Noticed a brown ugly thing
 10784 | D:7      | Reached skill level 7 in Fighting
 11164 | D:7      | Found a transporter.
 11533 | D:8      | Found a basalt altar of Yredelemnul.
 11627 | D:8      | Noticed a two-headed ogre
 11648 | D:8      | Slain by a two-headed ogre

Illustrated notes

Levels and vault maps discovered:
D:1:      grunt_arrival_crossed_arrows, layout_basic, minmay_stone_trees_small
D:2:      layout_basic, general_overflow_altar
D:3:      layout_basic, ebering_ghost_sewer_f, chequers_serial_rivers_micro_d
D:4:      kennysheep_goblin_castle, layout_loops_ring, minmay_misc_feat_hallway,
          cheibrodos_ashenzari_chains
D:5:      layout_rooms, serial_shops, shop_scrolls, minmay_crystal_room,
          minivault_11, kennysheep_nondescript,
          nicolae_dithmenos_through_a_glass_darkly, uniq_edmund
D:6:      layout_loops_ring, serial_glass, glass_columns_a, glass_columns_b,
          uniq_duvessa, uniq_grinder
D:7:      gammafunk_corrupted_shrine, layout_basic, minmay_temple_entry_hall,
          nicolae_lava_and_water, nrook_loot_triangle, uniq_pikel
D:8:      layout_rooms, kennysheep_little_box, nicolae_overflow_crystal_walls,
          lemuel_zombie_altar_yredelemnul, xom_teletrap_fun
Temple:   cyrus_circular_temple

Skill      XL: |  1  2  3  4  5  6  7  8  9 |
---------------+----------------------------+-----
Axes           | 2 3 |  3.4
Dodging        | 1 2 3 |  3.2
Shields        | 3 4 5 6 |  6.4
Fighting       | 4 5 6 7 |  7.1
Maces & Flails | 1 2 4 |  4.7
Armour         | 3 4 5 |  5.4
Invocations    | 1 4 |  4.8

Action                   |  1- 3 |  4- 6 |  7- 9 || total
-------------------------+-------+-------+-------++-------
Melee: War axe           |   108 |   192 |       ||   300
       Morningstar       |       |    52 |   503 ||   555
Invok: Bend Time         |       |       |     2 ||     2
Evoke: Wand              |       |       |     1 ||     1
  Use: Scroll            |       |    11 |     9 ||    20
       Potion            |       |     1 |     5 ||     6
Armor: Scale mail        |    55 |    85 |    17 ||   157
       Plate armour      |       |       |   240 ||   240
       Skin              |       |       |     3 ||     3
Dodge: Dodged            |    32 |    99 |    97 ||   228
Block: Kite shield       |    57 |   138 |   388 ||   583
       Reflection        |       |       |     7 ||     7
